 Dungeon Crawl Stone Soup version 0.31-a0-774-g0d66cbabe8 (webtiles) character file.

Game seed: 13996523615889138567

1166 quakins the Reanimator (level 8, -3/58 HPs)
             Began as a Ghoul Necromancer on Sept 17, 2023.
             Slain by an ogre
             ... wielding a +0 giant spiked club
              (14 damage)
             ... on level 5 of the Dungeon.
             The game lasted 00:14:44 (6126 turns).

quakins the Reanimator (Ghoul Necromancer)          Turns: 6126, Time: 00:14:45

Health: -3/58      AC:  4    Str: 14    XL:     8   Next: 40%
Magic:  2/16       EV: 11    Int: 12    God:
Gold:   226        SH:  3    Dex:  9    Spells: 11/19 levels left

rFire   . . .        w - +6 mace "Zescheekh" {freeze, rElec Str+2}
rCold   + . .        d - +0 buckler
rNeg    + + +        a - +0 robe
rPois   ∞            h - +1 helmet
rElec   +            (no cloak)
rCorr   .            (no gloves)
SInv    .            (no boots)
Will    .....        (no amulet)
Stlth   ++           (no ring)
HPRegen 0.00/turn    (no ring)
MPRegen 0.15/turn

%: no passive effects
@: inhibited regen
A: claws 1, cold resistance 1, negative energy resistance 3, inhibited
regeneration, torment resistance 2, devour on kill
a: no special abilities


You were on level 5 of the Dungeon.
You visited 1 branch of the dungeon, and saw 5 of its levels.
You also visited: Sewer.

You collected 226 gold pieces.

Inventory:

Hand Weapons
 w - the +6 mace "Zescheekh" (weapon) {freeze, rElec Str+2}
   (You took it off an orc priest on level 5 of the Dungeon)

   Str+2:     It affects your strength (+2).
   rElec:     It insulates you from electricity.
Armour
 a - a +0 robe (worn)
 d - a +0 buckler (worn)
 h - a +1 helmet (worn)
Wands
 n - a wand of flame (8)
 u - a wand of roots (6)
Scrolls
 e - a scroll of torment {unknown}
 g - 4 scrolls of identify {unknown}
 j - a scroll of fog
 k - a scroll of poison {unknown}
 o - a scroll of vulnerability {unknown}
 p - a scroll of enchant armour
 q - a scroll of summoning {unknown}
Potions
 b - 2 potions of magic
 c - 2 potions of haste {unknown}
 f - a potion of enlightenment {unknown}
 l - a potion of degeneration {unknown}
 m - a potion of ambrosia {unknown}
 r - 2 potions of experience {unknown}
 s - 4 potions of heal wounds {unknown}
 t - 2 potions of might {unknown}
 v - a potion of brilliance {unknown}


   Skills:
 + Level 0.8 Fighting
 - Level 1.7 Dodging
 - Level 2.1 Stealth
 - Level 6.0 Spellcasting
 - Level 8.0 Necromancy


You had 11 spell levels left.
You knew the following spells:

 Your Spells              Type           Power      Damage    Failure   Level
a - Necrotise             Necr           88%        1d8       1%          1
b - Vampiric Draining     Necr           22%        2d7       2%          3
c - Animate Dead          Necr           22%        N/A       9%          4

Your spell library contained the following spells:

 Spells                   Type           Power      Damage    Failure   Level
 Agony                    Necr           22%        N/A       26%         5
 Ozocubu's Armour         Ice            3%         N/A       58%         3
 Olgreb's Toxic Radiance  Pois           3%         N/A       94%         4
 Ozocubu's Refrigeration  Ice            1%         4d7       100%        7
 Discord                  Hex            1%         N/A       100%        8
 Ignition                 Fire           1%         3d3       100%        8


Dungeon Overview and Level Annotations

Branches:
Dungeon (5/15)             Temple (0/1) D:4           Sewer (visited)

Altars:

Shops:
D:1 (   D:2 [   D:5 (

Annotations:
D:4 3 runed translucent doors, exclusion: orc priest, Shayle's ghost, amateur OgSh


Innate Abilities, Weirdness & Mutations

You are immune to poison.
You have sharp fingernails.
Your flesh is cold resistant. (rC+)
You are immune to negative energy. (rN+++)
You do not regenerate when monsters are visible.
You are immune to unholy pain and torment.
You thrive by killing the living.


Message History

The ogre attacks as it pursues you!
The ogre hits you with a +0 giant spiked club!!
Casting: Vampiric Draining (dangerous; 2% risk of failure)
Confirm with . or Enter, or press ? or * to list all spells.
Aiming: Vampiric Draining (dangerous; 2% risk of failure)
Press: ? - help, Shift-Dir - straight line, f/p - ogre
Aim: an ogre, wielding a +0 giant spiked club (severely wounded)
You draw life force from the ogre.
You feel life coursing into your body.
The ogre hits you with a +0 giant spiked club!!
Ouch! That really hurt!
* * * LOW HITPOINT WARNING * * *
Casting: Vampiric Draining (dangerous; 2% risk of failure)
Confirm with . or Enter, or press ? or * to list all spells.
Aiming: Vampiric Draining (dangerous; 2% risk of failure)
Press: ? - help, Shift-Dir - straight line, f/p - ogre
Aim: an ogre, wielding a +0 giant spiked club (severely wounded)
You draw life force from the ogre.
You feel life coursing into your body.
Aiming: Charm
Press: ? - help, Shift-Dir - straight line, f/p - ogre
Aim: an ogre, wielding a +0 giant spiked club (almost dead, chance to affect: 49%)
The ogre resists with some effort.
The ogre barely misses you.
Aiming: Charm
Press: ? - help, Shift-Dir - straight line, f/p - ogre
Aim: an ogre, wielding a +0 giant spiked club (almost dead, chance to affect: 49%)
The ogre resists with some effort.
You block the ogre's attack.
Aiming: Charm
Press: ? - help, Shift-Dir - straight line, f/p - ogre
Aim: an ogre, wielding a +0 giant spiked club (almost dead, chance to affect: 49%)
The ogre resists with some effort.
Aiming: Charm
Press: ? - help, Shift-Dir - straight line, f/p - ogre
Aim: an ogre, wielding a +0 giant spiked club (almost dead, chance to affect: 49%)
The ogre resists with some effort.
The now-empty wand crumbles to dust.
The ogre barely misses you.
Aiming: Throw Flame
Press: ? - help, Shift-Dir - straight line, f/p - ogre
Aim: an ogre, wielding a +0 giant spiked club (almost dead, 85% to hit)
The puff of flame misses the ogre.
The ogre hits you with a +0 giant spiked club!
You die...

##......##.#
#.......##.#
#.......##.#########
#....#####.........#
#...>..............#
#.....###..........#
#...#...##.........#####
#.......................
#.....##.#.@O......#####
#.....##.#.#.......#
#.....##.#.#.###.###
#.....##.#.... ....
#.....##.#.......#..
#.....##.#.#.##.[#.##
#.....##.#.#.##.....
#.....##.#.#.#......[
#..........#.#...... #.


You could see an ogre.

Vanquished Creatures
  Duvessa (D:4)
  2 black bears
  4 kobold brigands (Sewer)
  A scorpion (D:5)
  Dowan (D:4)
  A jelly (D:4)
  2 orc priests
  Jessica (D:3)
  2 iguanas (D:5)
  Ijyb (D:3)
  3 orc wizards
  A gnoll (D:4)
  11 adders
  A shadow imp (D:5)
  An ufetubus (D:4)
  3 worms
  A dart slug (D:4)
  5 orcs
  5 ball pythons
  9 bats
  4 endoplasms
  9 giant cockroaches
  5 goblins
  6 hobgoblins
  20 kobolds
  8 quokkas
  A frilled lizard (Sewer)
  4 rats
113 creatures vanquished.

Vanquished Creatures (collateral kills)
  2 ball pythons (D:1)
  An endoplasm (Sewer)
  A frilled lizard (Sewer)
  A rat (Sewer)
5 creatures vanquished.

Grand Total: 118 creatures vanquished

Notes
Turn   | Place    | Note
-------+----------+-------------------------------------------
     0 | D:1      | quakins the Ghoul Necromancer began the quest for the Orb.
     0 | D:1      | Reached XP level 1. HP: 14/14 MP: 2/2
    49 | D:1      | Found a faded altar of an unknown god.
   155 | D:1      | Reached XP level 2. HP: 20/20 MP: 2/4
   195 | D:1      | Found Bostaw's Weapon Shop.
   685 | D:1      | Reached XP level 3. HP: 26/26 MP: 2/5
   877 | D:2      | Reached skill level 5 in Necromancy
  1013 | D:2      | Learned a level 3 spell: Vampiric Draining
  1138 | D:2      | Reached XP level 4. HP: 31/33 MP: 0/6
  1411 | D:2      | Found Paogryqa's Armour Shoppe.
  2093 | D:3      | Reached skill level 6 in Necromancy
  2135 | D:3      | Reached XP level 5. HP: 26/38 MP: 5/7
  2148 | D:3      | Found a glowing drain.
  2152 | Sewer    | Entered a sewer
  2212 | Sewer    | Noticed a kobold brigand
  2222 | Sewer    | Killed a kobold brigand
  2285 | Sewer    | Noticed a kobold brigand
  2297 | Sewer    | Killed a kobold brigand
  2298 | Sewer    | Reached skill level 7 in Necromancy
  2298 | Sewer    | Reached XP level 6. HP: 43/45 MP: 8/8
  2915 | D:3      | Noticed Ijyb
  2931 | D:3      | Killed Ijyb
  2932 | D:3      | Reached XP level 7. HP: 13/50 MP: 2/10
  3144 | D:3      | Noticed Jessica
  3147 | D:3      | Killed Jessica
  3942 | D:4      | Noticed Dowan
  3969 | D:4      | Killed Dowan
  4123 | D:4      | Found a staircase to the Ecumenical Temple.
  4233 | D:4      | Reached skill level 8 in Necromancy
  4571 | D:4      | Found a runed translucent gate.
  4571 | D:4      | Found a runed translucent gate.
  4571 | D:4      | Found a runed translucent gate.
  4571 | D:4      | Noticed Shayle's ghost (amateur OgSh)
  4717 | D:4      | Noticed Duvessa
  4750 | D:4      | Killed Duvessa
  4751 | D:4      | Reached XP level 8. HP: 12/57 MP: 1/14
  5269 | D:5      | Entered Level 5 of the Dungeon
  5334 | D:5      | Reached skill level 5 in Spellcasting
  5417 | D:5      | Identified the +6 mace "Zescheekh" {freeze, rElec Str+2}
  5441 | D:5      | HP: 2/57 [orc priest/the +6 mace "Zescheekh" {freeze, rElec
                  | Str+2} (6)]
  5733 | D:5      | Found Qitz's Antique Weapon Boutique.
  5903 | D:5      | Learned a level 4 spell: Animate Dead
  6126 | D:5      | Slain by an ogre

Illustrated notes

Levels and vault maps discovered:
D:1:      wander_arrival_lonely_grave, layout_basic,
          hellmonk_ecumenical_altar_pennies_from_heaven, serial_shops,
          nicolae_diamond_shop
D:2:      layout_basic, serial_shops, nicolae_shop_behind_doors,
          minmay_misc_feat_pillars
D:3:      layout_loops_ring, gup_sewer_entry_spiral, corexii_leaking_fountain,
          uniq_jessica, uniq_ijyb
D:4:      layout_loops_ring, minmay_temple_entry_proselytizer,
          gammafunk_ghost_nasty_kobolds, uniq_duvessa
D:5:      layout_basic, serial_shops, shop, amcnicky_mini_corridor_feature,
          kennysheep_big_empty_room, hangedman_minor_gate_pass

Skill      XL: |  1  2  3  4  5  6  7  8 |
---------------+-------------------------+-----
Spellcasting   | 2 4 6 |  6.0
Necromancy     | 5 6 7 8 |  8.0
Fighting       | |  0.8
Dodging        | |  1.7
Stealth        | |  2.1

Action                     |  1- 3 |  4- 6 |  7- 9 || total
---------------------------+-------+-------+-------++-------
  Melee: Unarmed           |     8 |       |       ||     8
         Dagger            |    24 |   101 |    52 ||   177
         Mace              |       |       |    11 ||    11
   Cast: Necrotise         |    50 |    43 |    24 ||   117
         Vampiric Draining |       |       |    50 ||    50
         Animate Dead      |       |       |     1 ||     1
  Evoke: Wand              |       |    16 |     5 ||    21
    Use: Scroll            |       |       |     2 ||     2
         Potion            |       |       |     1 ||     1
 Armour: Robe              |    20 |    61 |    55 ||   136
  Dodge: Dodged            |    23 |    46 |    53 ||   122
  Block: Buckler           |     9 |    12 |    20 ||    41

Table legend: (Time is in decaauts)
 A = Elapsed time spent in this place.
 B = Non-inter-level travel time spent in this place.
 C = Inter-level travel time spent in this place.
 D = Time resting spent in this place.
 E = Time spent auto-exploring this place.
 F = Levels seen in this place.
 G = Mean time per level.
                   A        B        C        D        E       F      G
               +--------+--------+--------+--------+--------+-----+--------+
         Total |   6247 |   6192 |     55 |   1449 |   3364 |   6 | 1041.2 |
       Dungeon |   5470 |   5415 |     55 |   1118 |   3303 |   5 | 1094.0 |
         Sewer |    776 |    776 |      0 |    331 |     60 |   1 |  776.0 |
               +--------+--------+--------+--------+--------+-----+--------+

Top non-repeatable levels by time:
     D:4: 1821 daAuts
     D:3: 1081 daAuts
     D:2: 1055 daAuts
   Sewer: 776 daAuts
     D:5: 772 daAuts
     D:1: 739 daAuts
